 Dungeon Crawl Stone Soup version 0.31-a0-1300-gb6740aa4e6 (webtiles) character file.

Game seed: 12602728680365218536

94 timneilson the Ruffian (level 4, 0/29 HPs)
             Began as an Octopode Shapeshifter on Dec 18, 2023.
             Slain by a gnoll
             ... wielding a +0 halberd
              (8 damage)
             ... on level 3 of the Dungeon.
             The game lasted 00:02:15 (1772 turns).

timneilson the Ruffian (Octopode Shapeshifter)      Turns: 1772, Time: 00:02:16

Health: 0/29       AC:  1    Str: 15    XL:     4   Next: 63%
Magic:  4/4        EV: 13    Int: 12    God:
Gold:   102        SH:  0    Dex: 11    Spells: 3/3 levels left

rFire   . .          .
                       - Unarmed
rCold   . . .        (no shield)
rNeg    . . .        (helmet currently unavailable)
rPois   .            (no amulet)
rElec   .            (no ring)
rCorr   .            (no ring)
SInv    .            (no ring)
Will    .....        (no ring)
Stlth   +++          (no ring)
HPRegen 0.24/turn    (no ring)
MPRegen 0.09/turn    (no ring)
                     (no ring)

%: no passive effects
@: beast-form
A: beast (slay +1), almost no armour, amphibious, 8 rings, camouflage 1,
gelatinous body 1, (nimble swimmer 1), tentacles
a: Begin Untransformation


You were on level 3 of the Dungeon.
You were a hulking beast.
You visited 1 branch of the dungeon, and saw 3 of its levels.

You collected 102 gold pieces.

Inventory:

Talismans
 b - a beast talisman
 c - a flux talisman
Scrolls
 d - 3 scrolls of identify
Potions
 a - a potion of lignification
 f - a potion of berserk rage
 g - a potion of curing


   Skills:
 * Level 2.3 Fighting
 * Level 2.7 Dodging
 + Level 1.7 Stealth
 * Level 3.5 Unarmed Combat
 * Level 3.4 Shapeshifting


You had 3 spell levels left.
You didn't know any spells.
Your spell library was empty.

Dungeon Overview and Level Annotations

Branches:
Dungeon (3/15)

Altars:
Yredelemnul

Shops:
D:2 (


Innate Abilities, Weirdness & Mutations

You are a hulking beast.
Your limbs bulge with bestial killing power. (Slay +1)
You cannot wear most types of armour.
You are amphibious.
You can wear up to eight rings at the same time.
Your skin changes colour to match your surroundings (Stealth+).
Your rubbery body absorbs attacks. (AC +1, EV +1)
((You are camouflaged when in or above water. (Stealth+)))
You have tentacles for arms and can constrict up to eight enemies at once.


Message History

2 gnolls come into view.
The gnoll shouts! x2
A gnoll comes into view. It is wielding a +0 club.
The gnoll misses you. The gnoll closely misses you.
The gnoll hits you with a +0 spear!
You tentacle-slap the gnoll but do no damage.
Your grab misses the gnoll. You squeeze the gnoll!
The gnoll is heavily wounded.
You tentacle-slap the gnoll. Your grab misses the gnoll.
The gnoll is almost dead.
The gnoll barely misses you.
You bludgeon the gnoll!
You kill the gnoll!
You tentacle-slap the gnoll. You grab the gnoll.
The gnoll is lightly wounded.
You constrict the gnoll. The gnoll misses you.
You tentacle-slap the gnoll.
You squeeze the gnoll, but do no damage.
The gnoll is severely wounded.
You constrict the gnoll.
The gnoll hits you from afar with a +0 halberd!
The gnoll hits you with a +0 flail.
* * * LOW HITPOINT WARNING * * *
You tentacle-slap the gnoll.
You kill the gnoll!
The gnoll closely misses you. The gnoll barely misses you.
Things that are here:
a +0 flail; a +0 spear You closely miss the gnoll.
Your grab misses the gnoll. The gnoll misses you.
You closely miss the gnoll. Your grab misses the gnoll.
The gnoll barely misses you.
You tentacle-slap the gnoll. You grab the gnoll. You squeeze the gnoll.
The gnoll is lightly wounded.
You constrict the gnoll. The gnoll barely misses you.
You tentacle-slap the gnoll.
The gnoll is severely wounded.
You constrict the gnoll. The gnoll hits you with a +0 halberd!
You die...

.....##...####+#.....#..##...#
.....##..............##.#
.....##..........†.†....##.
.....##.............†........#
.....##...####......#.#####..#
......'....######.....# #..#
..#.###...........#.### #..#
###+# ##+#.########.#### #..#
.... ###.#.##..gh......# #..#
.....#.g......#####.##.####..#
g......#.#.########..........#
.......#.#.# #......#...#.[##
#......#.#.# #.####.#...#.##
#......#.#.# #.#.....######
..#+##.#.#.# #.#..........# .
..#.#.# #+#.....####.# ###.#..
........# .#


You could see a gnoll.

Vanquished Creatures
  2 gnolls (D:3)
  An adder (D:2)
  4 dart slugs
  6 ball pythons
  5 endoplasms
  A giant cockroach (D:2)
  A goblin (D:3)
  2 hobgoblins (D:1)
  11 jackals
  6 kobolds
  4 quokkas
  4 bats
  4 frilled lizards
  5 rats
56 creatures vanquished.

Notes
Turn   | Place    | Note
-------+----------+-------------------------------------------
     0 | D:1      | timneilson the Octopode Shapeshifter began the quest for
                  | the Orb.
     0 | D:1      | Reached XP level 1. HP: 13/13 MP: 1/1
   228 | D:1      | Reached XP level 2. HP: 12/18 MP: 2/2
   654 | D:1      | Reached XP level 3. HP: 13/23 MP: 3/3
   728 | D:1      | Reached skill level 1 in Stealth
  1113 | D:2      | Found a basalt altar of Yredelemnul.
  1332 | D:2      | Reached XP level 4. HP: 29/29 MP: 4/4
  1361 | D:2      | Found Wumucva's Antique Weapon Emporium.
  1772 | D:3      | Slain by a gnoll

Illustrated notes

Levels and vault maps discovered:
D:1:      saegor_arrival_simple_b, layout_basic, grunt_decor_fettered
D:2:      layout_rooms, basic_altar, serial_shops, shop, minmay_quantized
D:3:      layout_basic

Skill      XL: |  1  2  3 |
---------------+----------+-----
Stealth        | 1 |  1.7
Fighting       | 2 |  2.3
Dodging        | |  2.7
Unarmed Combat | |  3.5
Shapeshifting  | |  3.4

Action                     |  1- 3 |  4- 6 || total
---------------------------+-------+-------++-------
  Melee: Unarmed           |    75 |    32 ||   107
         Constrict         |    18 |     7 ||    25
         Tentacles         |    11 |     6 ||    17
         Punch             |     2 |     1 ||     3
    Use: Scroll            |     4 |     2 ||     6
   Stab: Sleeping          |     7 |     1 ||     8
 Armour: Skin              |    34 |     7 ||    41
  Dodge: Dodged            |    37 |    22 ||    59

Table legend: (Time is in decaauts)
 A = Elapsed time spent in this place.
 B = Non-inter-level travel time spent in this place.
 C = Inter-level travel time spent in this place.
 D = Time resting spent in this place.
 E = Time spent auto-exploring this place.
 F = Levels seen in this place.
 G = Mean time per level.
                   A        B        C        D        E       F      G
               +--------+--------+--------+--------+--------+-----+--------+
         Total |   1765 |   1748 |     17 |     41 |   1390 |   3 |  588.3 |
       Dungeon |   1765 |   1748 |     17 |     41 |   1390 |   3 |  588.3 |
               +--------+--------+--------+--------+--------+-----+--------+

Top non-repeatable levels by time:
     D:1: 997 daAuts
     D:2: 506 daAuts
     D:3: 261 daAuts
